[Event "Marienbad Open-A1 2019"]
[Site "Marianske Lazne"]
[Date "2019.01.26"]
[Round "9"]
[White "Chernyshov, Konstantin"]
[Black "Plat, Vojtech"]
[Result "0-1"]
[ECO "C41"]
[WhiteElo "2500"]
[BlackElo "2552"]
[Annotator "ChessBase"]
[PlyCount "176"]
[EventDate "2019.01.17"]
[EventType "tourn"]
[EventCountry "CZE"]
[SourceTitle "playchess.com"]
[Source "ChessBase"]
[SourceQuality "1"]
[TimeControl "40/5400+30:1800+30"]

1. d4 d6 2. Nc3 Nf6 3. e4 e5 4. Nf3 Nbd7 5. g3 Be7 6. Bg2 c6 7. O-O O-O 8. Re1 b5 9. b3 Bb7 10. Bb2 Qc7 11. a4 a6 12. Qd2 Rfe8 13. Rad1 Bf8 14. Qc1 g6 15. axb5 axb5 16. Nb1 Bg7 17. c4 bxc4 18. dxe5 dxe5 19. Qxc4 Ra2 20. Qc2 Nc5 21. Nc3 Raa8 22. b4 Na6 23. Ba3 Bf8 24. Rb1 c5 25. bxc5 Nxc5 26. Nb5 Qc8 27. Nd2 Ba6 28. Nc4 Bxb5 29. Rxb5 Ne6 30. Bb2 Ra2 31. Qb3 Rxb2 32. Nxb2 Nd4 33. Qd3 Nxb5 34. Qxb5 Qc3 35. Qe2 Rb8 36. Nd3 Rd8 37. Rd1 Rd4 38. h3 Kg7 39. Kh2 Qc4 40. Qe3 Qc2 41. Rd2 Qc3 42. Rd1 Bd6 43. Bf3 Qc4 44. Kg2 Qa4 45. Qe2 Qa3 46. Ne1 Rxd1 47. Qxd1 Bc5 48. Nd3 Bd4 49. Qc2 Qa5 50. Nc1 Ne8 51. Nb3 Qb6 52. Nxd4 Qxd4 53. Be2 Nd6 54. Bd3 Nb7 55. Qc4 Qd6 56. Bc2 Nc5 57. Bb3 Ne6 58. Qd5 Qc7 59. Bc4 g5 60. Bb3 Nd4 61. Bc4 h6 62. Ba2 Ne6 63. Qc4 Qe7 64. Qd5 Qf6 65. Bc4 Nd4 66. Kg1 h5 67. Qd7 h4 68. g4 Qf4 69. Qd5 Nf3+ 70. Kg2 Nd2 71. Bd3 Kh6 72. Qd6+ Kh7 73. Qd7 Qf3+ 74. Kg1 Kg7 75. Qd5 Qf6 76. Be2 Qf4 77. Bd3 Nf3+ 78. Kg2 Nd4 79. Bc4 Qf6 80. Qd7 Qf3+ 81. Kg1 Qf4 82. Qd5 Ne6 83. Kg2 Qf6 84. Qd7 Nf4+ 85. Kh2 Nxh3 86. Kxh3 Qf3+ 87. Kh2 Qxf2+ 88. Kh1 h3 0-1

[Event "Marienbad Open-A1 2019"]
[Site "Marianske Lazne"]
[Date "2019.01.26"]
[Round "9"]
[White "Makarian, Rudik"]
[Black "Ajay Krishna, S."]
[Result "1/2-1/2"]
[ECO "A37"]
[WhiteElo "2354"]
[BlackElo "2289"]
[Annotator "NA"]
[PlyCount "67"]
[EventDate "2019.01.17"]
[EventType "tourn"]
[EventCountry "CZE"]
[SourceTitle "playchess.com"]
[Source "ChessBase"]
[SourceQuality "1"]
[TimeControl "40/5400+30:1800+30"]

1. Nf3 c5 2. g3 g6 3. Bg2 Bg7 4. c4 Nc6 5. Nc3 e6 6. d4 Nxd4 7. Nxd4 cxd4 8. Ne4 Qc7 9. c5 Ne7 10. Bf4 Qa5+ 11. Bd2 Qc7 12. Nd6+ Kf8 13. Rc1 Nf5 14. Qb3 Kg8 15. Bf4 Qa5+ 16. Bd2 Qc7 17. O-O Be5 18. Nc4 Bf6 19. Ba5 Qxc5 20. Bb4 Qb5 21. g4 Be7 22. Bxe7 Qxb3 23. gxf5 Qxa2 24. Nd6 exf5 25. Rc4 Kg7 26. Bd5 f6 27. Kh1 h5 28. Rg1 Qxb2 29. Nxf5+ Kh7 30. Bf7 gxf5 31. Bxf6 Rf8 32. Rg7+ Kh6 33. Rg6+ Kh7 34. Rg7+ 1/2-1/2